 Dungeon Sprint DCSS version 0.17-a0-1691-g18a3847 (webtiles) character file.

2129 patman the Eye of the Storm (level 9, -1/68 HPs)
             Began as a Formicid Fighter on Aug 20, 2015.
             Was a Priest of Qazlal.
             Slain by a komodo dragon (17 damage)
             ... in the Dungeon (Sprint IX: "|||||||||||||||||||||||||||||").
             The game lasted 00:05:36 (1008 turns).

patman the Eye of the Storm (Formicid Fighter)      Turns: 1008, Time: 00:05:36

Health: -1/68      AC: 19    Str: 21    XL:     9   Next: 55%
Magic:  20/20      EV:  8    Int:  8    God:    Qazlal [***...]
Gold:   17         SH: 16    Dex: 13    Spells: 0 memorised, 8 levels left

rFire  . . .     SeeInvis +     y - +3 scythe (venom)
rCold  . . .     Clarity  .     s - +1 chain mail
rNeg   . . .     SustAt   .     c - +0 shield
rPois  .         Gourm    .     (helmet unavailable)
rElec  .         Spirit   .     (no cloak)
rCorr  .         Warding  .     r - +0 pair of gloves
rMut   .         Stasis   +     q - +0 pair of boots
MR     .....                    (no amulet)
Stlth  ..........               u - +2 ring of protection
                                t - +2 ring of protection

@: not resistant to hostile enchantments, extremely unstealthy
A: permanent stasis, dig shafts and tunnels, four strong arms, antennae 3
a: Dig, Upheaval, Elemental Force, Renounce Religion


You were in the Dungeon.
You worshipped Qazlal.
Qazlal was most pleased with you.
You were hungry.

You visited 1 branch You collected 17 gold pieces.

Inventory:

Hand weapons
 a - a +0 trident
 p - a +2 halberd of venom
 y - a +3 scythe of venom (weapon)
Armour
 b - a +0 scale mail
 c - a +0 shield (worn)
 q - a +0 pair of boots (worn)
 r - a +0 pair of gloves (worn)
 s - a +1 chain mail (worn)
Jewellery
 t - a +2 ring of protection (left hand)
 u - a +2 ring of protection (right hand)
Magical devices
 o - a wand of draining (7)
Scrolls
 k - 3 scrolls of blinking
 m - 3 scrolls of remove curse
 n - 2 scrolls of amnesia
 z - 2 scrolls of identify
 A - a scroll of fog
 B - 2 scrolls of enchant weapon
Potions
 d - a potion of might
 f - 6 potions of curing
 g - a potion of invisibility
 h - a potion of haste
 i - 4 potions of magic
 j - a potion of berserk rage
 l - 3 potions of heal wounds
 v - a potion of brilliance
 w - a potion of cure mutation
 x - a potion of resistance
Comestibles
 e - a bread ration


   Skills:
 * Level 5.1 Fighting
 - Level 10.6 Polearms
 - Level 9.1 Armour
 * Level 10.6 Shields
 - Level 15.0 Invocations


You had 8 spell levels left.
You didn't know any spells.

Dungeon Overview and Level Annotations

Branches:
Dungeon (1/1)

Altars:
Cheibriados
Dithmenos
Elyvilon
Fedhas
Gozag
Kikubaaqudgha
Makhleb
Nemelex Xobeh
Okawaru
Qazlal
Ru
Sif Muna
Trog
Vehumet
Xom
Yredelemnul
Zin
The Shining One
Beogh
Jiyva
Lugonu


Innate Abilities, Weirdness & Mutations

You are under a permanent stasis effect.
You can dig through walls and to a lower floor.
Your four strong arms can wield two-handed weapons with a shield.
You have a pair of large antennae on your head (SInv).


Message History

Aim: a komodo dragon You reach to attack!
You hit the komodo dragon.
The komodo dragon is poisoned.
The komodo dragon is lightly wounded.
You block the komodo dragon's attack.
The komodo dragon looks more healthy.
You barely miss the komodo dragon.
The komodo dragon is heavily wounded.
You block the komodo dragon's attack.
Your chain mail prevents you from hitting the komodo dragon.
The komodo dragon is heavily wounded.
You block the komodo dragon's attack. The komodo dragon bites you.
You hit the komodo dragon.
The komodo dragon is poisoned.
The komodo dragon is heavily wounded.
You block the komodo dragon's attack.
You hit the komodo dragon.
The komodo dragon looks even sicker.
The komodo dragon is severely wounded.
The komodo dragon bites you!!
* * * LOW HITPOINT WARNING * * *
The komodo dragon bites you!
You die...

{
{▓.▓_▓
{
▓.▓_▓
{
{▓.▓_▓
{
{▓.▓_▓
{
{▓.▓_▓
{
{▓.▓_▓
{
{▓l▓_▓
{
{▓l▓_▓
{
{▓@▓_▓
{
{▓.▓'▓
{▓.▓)▓
{
▓.▓.▓
{
{▓.▓|▓
{
{▓.▓)▓
{
{▓.▓[▓
{
{▓.▓.▓
{▓.▓.▓


You could see a komodo dragon and an iguana.

Vanquished Creatures
  A hill giant (D)
  A gargoyle (D)
  A kobold demonologist (D)
  A troll (D)
  2 yaks (D)
  A hippogriff (D)
  A centaur (D)
  A phantom (D)
  A giant frog (D)
  A crocodile (D)
  A wight (D)
  A scorpion (D)
  A crimson imp (D)
  A hound (D)
  An adder (D)
  An orc (D)
  A bat (D)
  2 bat skeletons (D)
  A hobgoblin (D)
  A giant gecko skeleton (D)
  A giant newt (D)
  A kobold (D)
  A rat (D)
25 creatures vanquished.

Vanquished Creatures (others)
  A spatial maelstrom (D)
1 creature vanquished.

Grand Total: 26 creatures vanquished

Notes
Turn   | Place    | Note
--------------------------------------------------------------
     0 | D        | patman the Formicid Fighter began the quest for the Orb.
     0 | D        | Reached XP level 1. HP: 18/18 MP: 1/1
     1 | D        | Banished a spatial maelstrom
    19 | D        | Noticed a hound
    19 | D        | Noticed a phantom
    19 | D        | Noticed a crimson imp
    20 | D        | Reached skill level 4 in Polearms
    20 | D        | Reached XP level 2. HP: 22/24 MP: 2/2
    40 | D        | Killed a hound
    40 | D        | Reached skill level 6 in Polearms
    40 | D        | Reached XP level 3. HP: 22/29 MP: 3/3
    55 | D        | Reached skill level 7 in Polearms
    78 | D        | Killed a crimson imp
    78 | D        | Reached skill level 8 in Polearms
    78 | D        | Reached XP level 4. HP: 16/35 MP: 4/4
    90 | D        | Killed a phantom
    90 | D        | Reached skill level 10 in Polearms
    90 | D        | Reached XP level 5. HP: 19/41 MP: 5/5
   265 | D        | Found a glowing silver altar of Zin.
   265 | D        | Found a glowing golden altar of the Shining One.
   265 | D        | Found an ancient bone altar of Kikubaaqudgha.
   265 | D        | Found a basalt altar of Yredelemnul.
   265 | D        | Found a shimmering altar of Xom.
   265 | D        | Found a radiant altar of Vehumet.
   266 | D        | Found an iron altar of Okawaru.
   267 | D        | Found a burning altar of Makhleb.
   268 | D        | Found a deep blue altar of Sif Muna.
   269 | D        | Found a bloodstained altar of Trog.
   270 | D        | Found a sparkling altar of Nemelex Xobeh.
   271 | D        | Found a white marble altar of Elyvilon.
   272 | D        | Found a roughly hewn altar of Beogh.
   273 | D        | Found a viscous altar of Jiyva.
   274 | D        | Found a corrupted altar of Lugonu.
   275 | D        | Found a blossoming altar of Fedhas.
   276 | D        | Found a snail-covered altar of Cheibriados.
   277 | D        | Found a shadowy altar of Dithmenos.
   278 | D        | Found a stormy altar of Qazlal.
   279 | D        | Found an opulent altar of Gozag.
   280 | D        | Found a sacrificial altar of Ru.
   286 | D        | Became a worshipper of Qazlal Stormbringer
   332 | D        | Noticed a wight
   332 | D        | Noticed a scorpion
   332 | D        | Noticed a yak
   332 | D        | Noticed a yak
   332 | D        | Noticed a gargoyle
   332 | D        | Noticed a centaur
   342 | D        | Killed a wight
   342 | D        | Reached skill level 5 in Invocations
   342 | D        | Reached XP level 6. HP: 45/47 MP: 5/10
   345 | D        | Killed a scorpion
   349 | D        | Killed a yak
   349 | D        | Acquired Qazlal's first power
   349 | D        | Reached skill level 11 in Invocations
   349 | D        | Reached XP level 7. HP: 50/52 MP: 5/15
   356 | D        | Killed a yak
   356 | D        | Reached skill level 12 in Invocations
   372 | D        | Killed a gargoyle
   372 | D        | Reached skill level 15 in Invocations
   372 | D        | Reached XP level 8. HP: 45/58 MP: 9/19
   378 | D        | Killed a centaur
   514 | D        | Noticed a hill giant
   514 | D        | Noticed a kobold demonologist
   514 | D        | Noticed a troll
   536 | D        | Killed a hill giant
   536 | D        | Acquired Qazlal's second power
   543 | D        | Noticed a hellwing
   545 | D        | Noticed a hellwing
   547 | D        | Noticed a red devil
   558 | D        | Killed a kobold demonologist
   558 | D        | Reached XP level 9. HP: 15/64 MP: 11/20
   558 | D        | Killed a troll
   558 | D        | Killed a hellwing
   931 | D        | Noticed a giant frog
   931 | D        | Noticed a hippogriff
   931 | D        | Noticed a crocodile
   931 | D        | Noticed an iguana
   931 | D        | Noticed a komodo dragon
   951 | D        | Killed a giant frog
   951 | D        | Acquired Qazlal's third power
   951 | D        | Reached skill level 10 in Shields
   965 | D        | Killed a hippogriff
   982 | D        | Killed a crocodile
   982 | D        | Reached skill level 5 in Fighting
  1008 | D        | Slain by a komodo dragon

Vault maps used:
D:        linesprint

Action                   |  1- 3 |  4- 6 |  7- 9 || total
-------------------------+-------+-------+-------++-------
Melee: Trident           |    53 |     7 |       ||    60
       Halberd           |       |    17 |    52 ||    69
       Scythe            |       |       |    17 ||    17
Invok: Upheaval          |       |       |     3 ||     3
  Use: Potion            |       |     1 |     1 ||     2
